 Dungeon Crawl Stone Soup version 0.21-a0-2-ge494091 (webtiles) character file.

0 glosham the Skirmisher (level 1, 0/20 HPs)
             Began as a Gnoll Abyssal Knight on May 21, 2017.
             Was a Follower of Lugonu.
             Killed from afar by a starcursed mass (5 damage)
             ... with an accursed screaming
             ... on level 1 of the Abyss.
             The game lasted 00:01:55 (109 turns).

glosham the Skirmisher (Gnoll Abyssal Knight)        Turns: 109, Time: 00:01:55

Health: 0/20       AC:  3    Str: 11    XL:     1   Next: 0%
Magic:  3/3        EV: 12    Int: 12    God:    Lugonu [*.....]
Gold:   0          SH:  0    Dex: 13    Spells: 0/0 levels left

rFire    . . .     SeeInvis .     - Unarmed
rCold    . . .     Gourm    .   (no shield)
rNeg     . . .     Faith    .   a - +0 leather armour
rPois    .         Spirit   .   (no helmet)
rElec    .         Reflect  .   (no cloak)
rCorr    .         Harm     .   (no gloves)
MR       .....                  (no boots)
Stlth    +.........             (no amulet)
Regen    0.1/turn               (no ring)
MPRegen  0.1/turn               (no ring)

@: no status effects
A: short attention span, fangs 1, strong nose
a: Depart the Abyss, Renounce Religion


You were on level 1 of the Abyss.
You worshipped Lugonu.
Lugonu was aware of your devotion.
You were not hungry.

You visited 0 branches of the dungeon, and saw 0 of its levels.
You visited the Abyss 1 time.

Inventory:

Armour
 a - a +0 leather armour (worn)
Scrolls
 c - a scroll of identify
Comestibles
 b - a bread ration


   Skills:
 - Level 4.8 Fighting
 - Level 3.2 Armour
 - Level 1.7 Dodging
 * Level 0.0 Stealth
 - Level 3.2 Unarmed Combat
 - Level 3.0 Invocations


You couldn't memorise any spells.
You didn't know any spells.

Dungeon Overview and Level Annotations

Branches:
Dungeon (0/15)

Altars:


Innate Abilities, Weirdness & Mutations

You have a short attention span.
You have very sharp teeth.
Your uncanny sense of smell can sniff out nearby items.


Message History

Lugonu says: Depart the Abyss and spread corruption, my servant! (use the ability menu to exit the Abyss) Press ? for a list of commands and other information.
Found a scroll labeled WEUV MIENELL.
Found a corrupted altar of Lugonu.
You see here a scroll labeled WEUV MIENELL.
c - a scroll labeled WEUV MIENELL
Found a scroll labeled WEUV MIENELL.
Found 11 gold pieces.
A sky beast comes into view.
You see here a scroll labeled WEUV MIENELL.
c - 2 scrolls labeled WEUV MIENELL (gained 1)
A starcursed mass comes into view.
A starcursed mass splits.
A purple very ugly thing comes into view.
The purple very ugly thing gurgles horribly!
As you read the scroll labeled WEUV MIENELL, it crumbles to dust.
It is a scroll of identify.
You don't have any unidentified items.
A starcursed mass splits.
A starcursed mass splits.
A starcursed mass splits.
A starcursed mass splits. x2
A tentacled starspawn comes into view.
A starcursed mass splits. x2
A starcursed mass splits.
A starcursed mass splits.
Found a scroll labeled IMAANW ZEEWK.
A deafening chorus of shrieks assaults your mind!
Ouch! That really hurt!
Found 21 stones.
Unknown command.
A starcursed mass splits.
The starcursed mass shrieks in your mind.
* * * LOW HITPOINT WARNING * * *
A starcursed mass splits.
A tentacle flies out from the starspawn's body!
The starcursed mass closely misses you.
The starcursed mass completely misses you.
The starcursed mass barely misses you.
A cacophony of accursed wailing tears at your sanity!
You die...

#.... ....
#.....#.(###
#.wX.#..#.#
#...X#X...### .#. #.
#X.##....# ... .
##.X#Xu#.#. .# .....
....##X##.####
.#.#..##X##..X#X####
#..#..XX#....@X.#...
. ## .XX#.#####X## #
. #.X#X#X.# ..## #.
..# .### #. . .. #..
..


XX... #.# ## .... .# .##..u .... .#.## ### .#..## .. .. #. ## ######. #
#......X. #.#. You could see 8 starcursed masses, a purple very ugly thing, a
tentacled starspawn and a starspawn tentacle.

Vanquished Creatures (others)
  4 starspawn tentacles (Abyss:1)
4 creatures vanquished.

Notes
Turn   | Place    | Note
-------+----------+-------------------------------------------
     0 | Abyss:1  | glosham the Gnoll Abyssal Knight began the quest for the Orb.
     0 | Abyss:1  | Reached XP level 1. HP: 20/20 MP: 3/3
    37 | Abyss:1  | Noticed a sky beast
    61 | Abyss:1  | Noticed a starcursed mass
    75 | Abyss:1  | Noticed a purple very ugly thing
    88 | Abyss:1  | Noticed a starcursed mass
    94 | Abyss:1  | Noticed a tentacled starspawn
   109 | Abyss:1  | Killed from afar by a starcursed mass

Vault maps used:

Action                   || total
-------------------------++-------
  Use: Scroll            ||     1
Dodge: Dodged            ||     3

Table legend:
 A = Turns spent in this place as a percentage of turns spent in the entire game.
 B = Non-inter-level travel turns spent in this place as a percentage of non-inter-level travel turns spent in the entire game.
 C = Inter-level travel turns spent in this place as a percentage of turns spent in this place.
 D = Turns resting spent in this place as a percentage of non-inter-level travel turns spent in this place.
 E = Turns spent auto-exploring this place as a percentage of non-inter-level travel turns spent in this place.
 F = Non-inter-level travel turns spent in this place divided by the number of levels of this place that you've seen.
                   A       B       C       D       E      F
               +-------+-------+-------+-------+-------+----------------------
         Total | 100.0 | 100.0 |   0.0 |   0.0 |   0.0 | 113.0
         Abyss | 100.0 | 100.0 |   0.0 |   0.0 |   0.0 | 113.0
               +-------+-------+-------+-------+-------+----------------------

Vault maps used:
